 Dungeon Crawl Stone Soup version 0.29-a0-841-g116ddc6ace (webtiles) character file.

Game seed: 17529328869076200018

12 Spectrina the Sneak (level 2, -5/18 HPs)
             Began as a Vampire Delver on July 15, 2022.
             Slain by Duvessa
             ... wielding a +2 short sword of electrocution
              (8 damage)
             ... on level 5 of the Dungeon.
             The game lasted 00:00:45 (71 turns).

Spectrina the Sneak (Vampire Delver)                  Turns: 71, Time: 00:00:45

Health: -5/18      AC:  3    Str: 11    XL:     2   Next: 20%
Magic:  2/2        EV: 12    Int: 12    God:
Gold:   0          SH:  0    Dex: 15    Spells: 1/1 levels left

rFire   . . .      SeeInvis +   a - +0 short sword
rCold   + + .      Faith    .   (no shield)
rNeg    + + +      Spirit   .   b - +0 leather armour
rPois   ∞          Reflect  .   (no helmet)
rElec   .          Harm     .   (no cloak)
rCorr   .          Rampage  .   (no gloves)
Will    .....                   (no boots)
Stlth   +++++.....              (no amulet)
HPRegen 0.00/turn               (no ring)
MPRegen 0.08/turn               (no ring)

@: bloodless, inhibited regen
A: bloodless, fangs 3, see invisible, vampiric 1
a: Revivify


You were on level 5 of the Dungeon.
You visited 1 branch of the dungeon, and saw 2 of its levels.

Inventory:

Hand Weapons
 a - a +0 short sword (weapon)
Armour
 b - a +0 leather armour (worn)
Wands
 g - a wand of digging (3)
Scrolls
 c - a scroll of fog
 d - a scroll of magic mapping
 e - a scroll of fear
Potions
 f - a potion of haste


   Skills:
 - Level 2.6 Fighting
 + Level 2.7 Short Blades
 - Level 2.1 Dodging
 + Level 7.7 Stealth


You had one spell level left.
You didn't know any spells.
Your spell library was empty.

Dungeon Overview and Level Annotations

Branches:
Dungeon (6/15)
 Temple: D:4-7

Altars:

Annotations:
D:5 Dowan, Duvessa


Innate Abilities, Weirdness & Mutations

You do not regenerate when monsters are visible.
You are frail without blood (-20% HP).
You can heal yourself when you bite living creatures.
You are immune to poison.
You have razor-sharp teeth.
You have supernaturally acute eyesight. (SInv)
You are afflicted with vampirism.


Message History

The hound skeleton closely misses you.
You completely miss the hound skeleton.
The hound skeleton is moderately damaged.
The hound skeleton closely misses you. The hound skeleton bites you.
You closely miss the hound skeleton.
The hound skeleton is moderately damaged.
The hound skeleton misses you.
You hit the hound skeleton.
The hound skeleton is heavily damaged.
The hound skeleton bites you but does no damage.
You hit the hound skeleton but do no damage.
You bite the hound skeleton.
The hound skeleton is severely damaged.
The hound skeleton misses you.
You hit the hound skeleton. You bite the hound skeleton.
The hound skeleton is almost destroyed.
The hound skeleton closely misses you. The hound skeleton misses you.
You hit the hound skeleton.
You destroy the hound skeleton!
You have reached level 2!
Okay, then.
Okay, then.
Unknown command.
An ogre comes into view. It is wielding a +0 giant club.
Found 16 gold pieces.
An adder comes into view.
Found a forked gold wand.
Unknown command.
Unknown command.
Unknown command.
The helpless Duvessa fails to defend herself.
You bite Duvessa, and draw her blood!
You feel better.
You impale Duvessa!!
Duvessa is heavily wounded.
Dowan shouts!
You hear an angry hiss. x2
Dowan points at you and mumbles some strange words.
The puff of flame hits you!
Ouch! That really hurt!
* * * LOW HITPOINT WARNING * * *
Duvessa hits you with a +2 short sword of electrocution!
You die...

#..#.........##
##.##.......##
#..##....###
##.###...##
#..#.....###### ####
##.#.....#.....
O$...###..?.........
....................
............@.......
..........###e?.e...
.........#.# .!.....
.........#.##.......
.........##.#.......
.........##.........
.........##.........
........##.#.....##
.S..... ..#.###..


You could see Duvessa and Dowan.

Vanquished Creatures
  A hound skeleton (D:5)
1 creature vanquished.

Notes
Turn   | Place    | Note
-------+----------+-------------------------------------------
     0 | D:5      | Spectrina the Vampire Delver began the quest for the Orb.
     0 | D:5      | Reached XP level 1. HP: 17/17 MP: 1/1
    32 | D:5      | Noticed Duvessa
    32 | D:5      | Noticed Dowan
    55 | D:5      | Reached XP level 2. HP: 10/18 MP: 2/2
    59 | D:5      | Noticed an ogre
    71 | D:5      | Slain by Duvessa

Illustrated notes

Levels and vault maps discovered:
D:5:      layout_cave_pods, grunt_temple_overflow_open,
          nemelex_diamond_rough_becter, serial_undead, serial_undead_d,
          serial_undead_a, serial_undead_a, serial_undead_a, serial_undead_e,
          guppyfry_early_lair_pool, uniq_duvessa
D:6:      layout_loops_ring, grunt_decor_resistance

Action                   || total
-------------------------++-------
Melee: Short sword       ||    10
       Bite              ||     2
 Abil: Exsanguinate      ||     1
 Stab: Sleeping          ||     1
Armor: Leather armour    ||     1
Dodge: Dodged            ||     8

Table legend: (Time is in decaauts)
 A = Elapsed time spent in this place.
 B = Non-inter-level travel time spent in this place.
 C = Inter-level travel time spent in this place.
 D = Time resting spent in this place.
 E = Time spent auto-exploring this place.
 F = Levels seen in this place.
 G = Mean time per level.
                   A        B        C        D        E       F      G
               +--------+--------+--------+--------+--------+-----+--------+
         Total |     70 |     70 |      0 |      0 |      0 |   2 |   35.0 |
       Dungeon |     70 |     70 |      0 |      0 |      0 |   2 |   35.0 |
               +--------+--------+--------+--------+--------+-----+--------+

Top non-repeatable levels by time:
     D:5: 61 daAuts
     D:6: 9 daAuts
